 Dungeon Crawl Stone Soup version 0.30.1-4-g462c640d31 (webtiles) character file.

Game seed: 14895169685492006658

5296 monsoonserge the Magus (level 10, -1/76 (79) HPs)
             Began as a Demonspawn Monk on Aug 29, 2023.
             Was an Elder of Nemelex Xobeh.
             Slain by a manticore (3 damage)
             ... on level 8 of the Dungeon.
             The game lasted 00:30:36 (8325 turns).

monsoonserge the Magus (Demonspawn Monk)            Turns: 8325, Time: 00:30:36

HP:   -1/76 (79)    AC:  5    Str: 11    XL:     10   Next: 37%
MP:   27/27         EV: 14    Int: 11    God:    Nemelex Xobeh [****..]
Gold: 492           SH:  0    Dex: 21    Spells: 9/9 levels left

rFire   + . .        b - +0 great sword
rCold   . . .        (shield currently unavailable)
rNeg    . . .        E - +1 leather armour {rF+}
rPois   +            (helmet restricted)
rElec   .            (no cloak)
rCorr   .            (no gloves)
SInv    .            (no boots)
Will    .....        (no amulet)
Stlth   ++           q - ring of poison resistance
HPRegen 0.32/turn    v - ring of magical power
MPRegen 0.20/turn

%: no passive effects
@: spiked, studying 3 skills, lightly drained
A: antennae 1, foul stench 1, spiny 1, sharp scales 1
a: Renounce Religion, Draw Escape, Draw Destruction, Draw Summoning, Triple
Draw, Deal Four


You were on level 8 of the Dungeon.
You worshipped Nemelex Xobeh.
Nemelex Xobeh was greatly pleased with you.
You visited 2 branches of the dungeon, and saw 10 of its levels.
You also visited: Bailey.

You collected 492 gold pieces.

Inventory:

Hand Weapons
 a - a +0 shortbow
 b - a +0 great sword (weapon)
 k - a +1 dagger of venom
Missiles
 d - a poisoned dart (quivered)
 f - 18 boomerangs
Armour
 E - a +1 leather armour of fire resistance (worn)
Magical Staves
 w - a staff of earth
Jewellery
 q - a ring of poison resistance (left hand)
 v - a ring of magical power (right hand)
 B - a ring of see invisible
Wands
 n - a wand of flame (37)
Scrolls
 e - 2 scrolls of teleportation
 g - 5 scrolls of fog {unknown}
 i - a scroll of enchant armour {unknown}
 m - 3 scrolls of magic mapping
 p - 3 scrolls of vulnerability
 x - a scroll of silence {unknown}
 y - 2 scrolls of immolation {unknown}
 C - 2 scrolls of enchant weapon {unknown}
Potions
 c - a potion of ambrosia
 h - 7 potions of curing
 j - a potion of flight {unknown}
 o - 2 potions of mutation
 r - a potion of invisibility {unknown}
 s - 2 potions of brilliance
 t - a potion of attraction {unknown}
 u - 3 potions of magic
 z - 2 potions of heal wounds
 A - 2 potions of cancellation
 D - a potion of haste {unknown}


   Skills:
 + Level 7.6 Fighting
 + Level 4.9(6.1) Short Blades
 + Level 5.5(6.4) Long Blades
 + Level 4.8 Ranged Weapons
 + Level 1.1 Throwing
 + Level 5.3 Armour
 + Level 4.8 Dodging
 + Level 2.0 Stealth
 * Level 10.7 Invocations
 + Level 1.0 Evocations


You had 9 spell levels left.
You didn't know any spells.
Your spell library contained the following spells:

 Spells                   Type           Power      Damage    Failure   Level
 Summon Small Mammal      Summ           0%         N/A       41%         1
 Call Canine Familiar     Summ           0%         N/A       80%         3
 Ozocubu's Armour         Ice            0%         N/A       80%         3
 Summon Guardian Golem    Hex/Summ       0%         N/A       80%         3
 Blade Hands              Tmut           0%         N/A       100%        5
 Irradiate                Conj/Tmut      0%         3d11      100%        5
 Metabolic Englaciation   Hex/Ice        0%         N/A       100%        5
 Simulacrum               Ice/Necr       0%         N/A       100%        6
 Dragon Form              Tmut           0%         N/A       100%        7


Dungeon Overview and Level Annotations

Branches:
Dungeon (9/15)             Temple (1/1) D:4          Bailey (visited)
   Lair: D:8-11         Orc: D:9-12

Altars:
Cheibriados
Dithmenos
Fedhas
Gozag
Hepliaklqana
Kikubaaqudgha
Makhleb
Nemelex Xobeh
Qazlal
Ru
Trog
Uskayaw
Vehumet
Wu Jian
Xom
Yredelemnul

Shops:
D:1 :   D:5 :

Annotations:
D:8 Erica


Innate Abilities, Weirdness & Mutations

You have a pair of small antennae on your head.
You may rarely emit foul miasma when damaged in melee.
You are partially covered in sharp spines.
You are partially covered in razor-sharp scales. (AC +1, Slay +1)


Message History

The barbed spikes become lodged in your body.
You shoot an arrow. The arrow hits the manticore.
The manticore is lightly wounded.
A wight comes into view. It is wielding a +0 spear.
You draw a card...
You have drawn Wild Magic.
The manticore is blasted with sand.
The wight looks incredibly sick.
The wight completely resists.
The wight shivers.
The wight completely resists.
You feel a surge of magic.
A wight comes into view. It is wielding a +0 battleaxe.
b - a +0 great sword (weapon)
The manticore flicks its tail.
The volley of spikes hits you.
The barbed spikes become lodged in your body.
You draw a card...
You have drawn Pain.
Press: ? - help, Shift-Dir - straight line, f/p - manticore
Aim: a manticore (lightly wounded)
The manticore convulses!
The manticore flicks its tail.
The volley of spikes hits you!
The barbed spikes become lodged in your body.
The barbs in your skin will harm you if you move.
Continue?
The barbed spikes dig painfully into your body as you move.
The manticore bites you.
The manticore claws you but does no damage.
The manticore claws you.
You slash the manticore!
The manticore is severely wounded.
The manticore is struck by your spines. The manticore bites you!
* * * LOW HITPOINT WARNING * * *
The manticore closely misses you. The manticore claws you.
* * * LOW HITPOINT WARNING * * *
The wight misses you.
Okay, then.
You draw a card...
You have drawn the Illusion.
Suddenly you stand beside yourself. The manticore bites you!
* * * LOW HITPOINT WARNING * * *
The manticore claws you.
You die...
Your body glows with a rainbow of weird colours and disappears. #... #......# #... #...^..# ##..# #..$...# #...# #...... ###..# ..... ####....## zzz

#......... #H#
#....[.... #@#
#...>).... #@#
###..##).##
#.######...####.รท>
#.#......### #.##
#.#.###### #.##
#.#.# #.# #.#.# ...
#...# ... #####
....


You could see a manticore (ally target), 3 wights and the friendly
monsoonserge's illusion (summoned).

Vanquished Creatures
  An orc warlord (Bailey)
  A komodo dragon (D:6)
  3 yaks
  2 vampire mosquitoes (D:7)
  A water moccasin (D:5)
  4 orc warriors (Bailey)
  3 black bears
  2 phantoms
  2 centaurs
  A kobold brigand (D:5)
  3 bullfrogs
  3 scorpions
  3 wights (D:8)
  A howler monkey (D:5)
  A jelly (D:4)
  6 hounds
  A gnoll bouda (D:6)
  2 orc priests
  A sleepcap (D:7)
  Ijyb (D:3)
  Terence (D:2)
  5 iguanas
  2 orc wizards
  Natasha (thrice) (D:2)
  16 gnolls
  10 adders
  A white imp (D:4)
  A worm (D:3)
  3 dart slugs
  30 orcs
  9 ball pythons
  6 bats
  11 endoplasms
  7 giant cockroaches
  11 goblins
  6 hobgoblins
  8 jackals (D:1)
  8 quokkas
  6 frilled lizards
  18 kobolds
  3 rats (D:3)
207 creatures vanquished.

Vanquished Creatures (collateral kills)
  A two-headed ogre (D:7)
  2 yaks (D:8)
  An orc (D:7)
  3 goblins (D:7)
  A kobold (Bailey)
8 creatures vanquished.

Grand Total: 215 creatures vanquished

Notes
Turn   | Place    | Note
-------+----------+-------------------------------------------
     0 | D:1      | monsoonserge the Demonspawn Monk began the quest for the
                  | Orb.
     0 | D:1      | Reached XP level 1. HP: 18/18 MP: 1/1
    87 | D:1      | Gained mutation: You may rarely emit foul miasma when
                  | damaged in melee. [demonic ancestry]
    87 | D:1      | Reached XP level 2. HP: 18/24 MP: 2/2
   525 | D:1      | Reached XP level 3. HP: 26/29 MP: 3/3
   862 | D:1      | Found Zioda's Book Shoppe.
  1047 | D:2      | Found a faded altar of an unknown god.
  1094 | D:2      | Noticed Terence
  1105 | D:2      | Gained mutation: You are partially covered in razor-sharp
                  | scales. (AC +1, Slay +1) [demonic ancestry]
  1105 | D:2      | Reached XP level 4. HP: 37/37 MP: 4/4
  1112 | D:2      | Killed Terence
  1335 | D:2      | Noticed Natasha
  1345 | D:2      | Killed Natasha
  1477 | D:2      | Noticed Natasha
  1484 | D:2      | Killed Natasha
  1485 | D:2      | Gained mutation: You have a pair of small antennae on your
                  | head. [demonic ancestry]
  1485 | D:2      | Reached XP level 5. HP: 30/42 MP: 5/5
  1696 | D:3      | Found a blossoming altar of Fedhas.
  1940 | D:3      | Found a sparkling altar of Nemelex Xobeh.
  2087 | D:3      | Noticed Ijyb
  2091 | D:3      | Found a hide-covered altar of Uskayaw.
  2247 | D:2      | Noticed Natasha
  2259 | D:2      | Killed Natasha
  2260 | D:2      | Reached skill level 1 in Armour
  2497 | D:3      | Killed Ijyb
  2673 | D:4      | Gained mutation: You are partially covered in sharp spines.
                  | [demonic ancestry]
  2673 | D:4      | Reached XP level 6. HP: 48/48 MP: 6/6
  2729 | D:3      | Became a worshipper of Nemelex Xobeh the Trickster
  2729 | D:3      | Reached * piety under Nemelex Xobeh
  2729 | D:3      | Received a gift from Nemelex Xobeh
  2729 | D:3      | Reached ** piety under Nemelex Xobeh
  2828 | D:4      | Reached skill level 5 in Long Blades
  2828 | D:4      | Reached skill level 1 in Invocations
  3147 | D:4      | Reached skill level 1 in Stealth
  3222 | D:4      | Reached XP level 7. HP: 55/55 MP: 8/8
  3227 | D:4      | Reached skill level 2 in Invocations
  3425 | D:4      | Identified the staff of fire "Pysm" {rElec rF+ rC+ rN++
                  | Int-3}
  3487 | D:4      | Found a staircase to the Ecumenical Temple.
  3499 | Temple   | Entered the Ecumenical Temple
  3936 | D:5      | Entered Level 5 of the Dungeon
  3952 | D:5      | Found Dusheh's Book Boutique.
  3973 | D:5      | Reached skill level 3 in Invocations
  4280 | D:5      | Found a snail-covered altar of Cheibriados.
  4287 | D:5      | Found an ancient bone altar of Kikubaaqudgha.
  4297 | D:5      | Found a radiant altar of Vehumet.
  4402 | D:5      | Reached skill level 5 in Fighting
  4503 | D:5      | Reached *** piety under Nemelex Xobeh
  4571 | D:5      | Reached XP level 8. HP: 39/62 MP: 10/10
  4724 | D:5      | Reached skill level 4 in Invocations
  4779 | D:5      | Received a gift from Nemelex Xobeh
  4784 | D:5      | Found a hazy altar of Hepliaklqana.
  4865 | D:5      | Reached skill level 1 in Evocations
  4888 | D:5      | Reached skill level 1 in Short Blades
  5082 | D:6      | HP: 2/63 [gnoll/+0 halberd (12)]
  5290 | D:6      | Reached skill level 5 in Invocations
  6058 | D:6      | Reached skill level 1 in Ranged Weapons
  6062 | D:6      | Received a gift from Nemelex Xobeh
  6095 | D:6      | Noticed a komodo dragon
  6106 | D:6      | Killed a komodo dragon
  6107 | D:6      | Reached skill level 6 in Invocations
  6282 | D:6      | Reached skill level 7 in Invocations
  6282 | D:6      | Reached XP level 9. HP: 7/69 MP: 14/14
  6465 | D:7      | Noticed a two-headed ogre
  6482 | D:7      | Killed a two-headed ogre
  6483 | D:7      | Reached skill level 8 in Invocations
  6491 | D:7      | Found a flagged portal.
  6542 | Bailey   | Entered a bailey
  6549 | Bailey   | Noticed an orc warlord
  6749 | Bailey   | Found a runed translucent gate.
  6750 | Bailey   | Found a runed translucent gate.
  6753 | Bailey   | Found a runed translucent gate.
  6866 | Bailey   | Killed an orc warlord
  6867 | Bailey   | Reached skill level 5 in Armour
  6867 | Bailey   | Reached skill level 9 in Invocations
  6985 | D:7      | Acquired a manual of Fighting
  6987 | D:7      | Acquired a manual of Long Blades
  7138 | D:7      | Reached **** piety under Nemelex Xobeh
  7207 | D:7      | Reached XP level 10. HP: 23/77 MP: 17/17
  7410 | D:7      | Reached skill level 10 in Invocations
  7750 | D:8      | Noticed Erica
  8034 | D:8      | Reached skill level 1 in Throwing
  8165 | D:9      | Noticed a two-headed ogre
  8315 | D:8      | Noticed a manticore
  8325 | D:8      | HP: 2/76 [manticore (12)]
  8325 | D:8      | Slain by a manticore

Illustrated notes

Levels and vault maps discovered:
D:1:      saegor_arrival_miasma, layout_basic, serial_shops, shop
D:2:      layout_basic, shapermc_ecumenical_altar_flowoftime, uniq_natasha,
          uniq_terence
D:3:      layout_rooms, mainiacjoe_overflow_six_doors_small,
          nicolae_uskayaw_murder_on_the_dancefloor, jmf_multi_god_temple,
          chequers_jeans, uniq_ijyb
D:4:      minmay_octagon_keep, layout_basic, minmay_temple_entry_grid,
          kennysheep_generic_room_16
D:5:      layout_loops_corners, lemuel_round_altar,
          grunt_temple_overflow_diamond, serial_shops, shop, minmay_manual_moon
D:6:      cheibrodos_quashed, layout_loops_ring, minivault_24
D:7:      layout_loops_ring, enter_bailey_5
D:8:      layout_rooms, marbit_many_paths, mainiacjoe_overflow_divided_tiny,
          uniq_erica
D:9:      layout_loops_cross, mainiacjoe_overflow_concentric_impassable
Temple:   nicolae_temple_bog_church

Skill      XL: |  1  2  3  4  5  6  7  8  9 10 |
---------------+-------------------------------+-----
Long Blades    | 3 4 5 |  5.5
Dodging        | 3 4 |  4.8
Fighting       | 4 5 6 7 |  7.6
Armour         | 1 3 4 5 |  5.3
Invocations    | 1 3 7 9 10 | 10.7
Stealth        | 1 2 |  2.0
Evocations     | 1 |  1.0
Short Blades   | 2 4 |  4.9
Ranged Weapons | 2 4 |  4.8
Throwing       | 1 |  1.1

Action                     |  1- 3 |  4- 6 |  7- 9 | 10-12 || total
---------------------------+-------+-------+-------+-------++-------
  Melee: Falchion          |   120 |   164 |    48 |       ||   332
         Dagger            |       |       |   258 |    53 ||   311
         Punch             |       |       |     2 |     2 ||     4
         Great sword       |       |       |       |     4 ||     4
   Fire: Shortbow          |       |       |    33 |    15 ||    48
  Throw: Boomerang         |       |       |     3 |     1 ||     4
         Dart              |       |       |     2 |       ||     2
 Invoke: Draw Destruction  |       |       |     1 |     5 ||     6
         Draw Summoning    |       |       |     2 |     2 ||     4
    Use: Scroll            |       |       |    10 |     1 ||    11
         Potion            |       |       |     1 |       ||     1
   Stab: Sleeping          |       |     1 |       |     1 ||     2
 Armour: Robe              |     8 |       |       |       ||     8
         Leather armour    |    24 |    28 |    12 |     6 ||    70
         Scale mail        |       |    31 |    50 |       ||    81
  Dodge: Dodged            |    86 |   112 |   158 |    24 ||   380
